 Dungeon Crawl Stone Soup version 0.28-a0-1412-gf95308ed99 (webtiles) character file.

Game seed: 18239744832059945134

1460 fragbeetle the Ruffian (level 8, -6/66 HPs)
             Began as a White Draconian Transmuter on Jan 6, 2022.
             Was a Believer of Okawaru.
             Engulfed by a cloud of flame (18 damage)
             ... on level 6 of the Dungeon.
             The game lasted 00:20:00 (5571 turns).

fragbeetle the Ruffian (White Draconian Transmuter) Turns: 5571, Time: 00:20:01

Health: -6/66      AC: 12    Str: 13    XL:     8   Next: 48%
Magic:  11/11      EV: 17    Int: 13    God:    Okawaru [**....]
Gold:   323        SH:  5    Dex: 12    Spells: 1/11 levels left

rFire   . . .      SeeInvis .     - Unarmed
rCold   + . .      Faith    .   (no shield)
rNeg    . . .      Spirit   .   (armour unavailable)
rPois   .          Reflect  +   (helmet currently unavailable)
rElec   .          Harm     .   r - +0 cloak
rCorr   .          Rampage  .   t - +0 pair of gloves
Will    .....                   (boots currently unavailable)
Stlth   +.........              c - amulet of reflection
HPRegen 0.21/turn               h - +4 ring of evasion
MPRegen 0.12/turn               s - +4 ring of protection

@: appendages
A: horns 2, talons 2, breathe frost, AC +6, unfitting armour, cold resistance 1,
cold-blooded, weak 1
a: Breathe Frost, End Transformation, Renounce Religion, Heroism


You were on level 6 of the Dungeon.
You worshipped Okawaru.
Okawaru was pleased with you.
You had temporarily grown beastly horns and talons.
You visited 2 branches of the dungeon, and saw 7 of its levels.

You collected 323 gold pieces.

Inventory:

Hand Weapons
 G - a +0 hunting sling
Missiles
 g - 131 stones
 i - 21 poisoned darts (quivered)
 l - 2 boomerangs
 F - 2 throwing nets
 H - 22 sling bullets
Armour
 r - a +0 cloak (worn)
 t - a +0 pair of gloves (worn)
 v - an orb of mayhem
 w - a scarf of harm
Jewellery
 a - an amulet of magic regeneration
 c - an amulet of reflection (around neck)
 f - a ring of ice
 h - a +4 ring of evasion (left hand)
 k - a ring of willpower
 s - a +4 ring of protection (right hand)
 E - an amulet of guardian spirit
 J - a ring of positive energy
 K - a +4 ring of protection
Scrolls
 b - a scroll of fog {unknown}
 n - 2 scrolls of blinking
 o - 5 scrolls of fear
 q - a scroll of immolation {unknown}
 u - a scroll of enchant armour {unknown}
 y - 2 scrolls of amnesia {unknown}
 L - a scroll of vulnerability {unknown}
Potions
 d - 4 potions of curing
 e - a potion of brilliance {unknown}
 j - a potion of heal wounds {unknown}
 m - a potion of attraction {unknown}
 p - a potion of flight {unknown}
 x - a potion of invisibility {unknown}
 z - 2 potions of haste {unknown}
 A - a potion of resistance {unknown}
 B - a potion of might {unknown}
 C - a potion of lignification {unknown}
 D - a potion of mutation {unknown}
 I - a potion of berserk rage {unknown}


   Skills:
 + Level 4.1 Fighting
 + Level 3.8 Dodging
 * Level 6.2 Unarmed Combat
 + Level 2.1 Spellcasting
 + Level 5.6 Transmutations
 + Level 3.5 Ice Magic
 + Level 3.1 Poison Magic


You had one spell level left.
You knew the following spells:

 Your Spells              Type           Power      Damage    Failure   Level
a - Beastly Appendage     Tmut           32%        N/A       2%          1
b - Spider Form           Tmut/Pois      12%        N/A       12%         3
c - Ice Form              Ice/Tmut       13%        N/A       36%         4
d - Wereblood             Tmut           16%        N/A       3%          2

Your spell library contained the following spells:

 Spells                   Type           Power      Damage    Failure   Level
 Sting                    Tmut/Pois      48%        1d5       4%          1
 Ensorcelled Hibernation  Hex/Ice        12%        N/A       19%         2
 Poisonous Vapours        Pois/Air       10%        N/A       21%         2
 Olgreb's Toxic Radiance  Pois           9%         N/A       56%         4
 Enfeeble                 Hex            0%         N/A       100%        7
 Tukima's Dance           Hex            Unusable   N/A       N/A         3

Dungeon Overview and Level Annotations

Branches:
Dungeon (6/15)             Temple (1/1) D:4

Altars:
Ashenzari
Cheibriados
Dithmenos
Elyvilon
Fedhas
Gozag
Hepliaklqana
Kikubaaqudgha
Makhleb
Nemelex Xobeh
Okawaru
Qazlal
Ru
Sif Muna
Trog
Uskayaw
Vehumet
Wu Jian
Yredelemnul
Zin
The Shining One

Annotations:
D:2 Sigmund


Innate Abilities, Weirdness & Mutations

You have temporarily grown beastly horns and talons.
You can breathe waves of freezing cold which knock back foes.
Your icy white scales are hard. (AC +6)
You cannot fit into any form of body armour.
Your flesh is cold resistant. (rC+)
You are cold-blooded and may be slowed by cold attacks.
You are weak. (Str -2)


Message History

You destroy the water moccasin skeleton!
Okawaru accepts your kill.
i - 21 poisoned darts (gained 1)
Your transformation is almost over.
There is a stone staircase leading down here.
Your transformation has ended.
Your +0 cloak unmelds from your body.
Your +0 pair of gloves unmelds from your body.
A centaur skeleton comes into view.
Casting: Spider Form (dangerous; 13% risk of failure)
Confirm with . or Enter, or press ? or * to list all spells.
You grow a pair of large bovine horns.
Your feet morph into talons.
The centaur skeleton misses you.
The centaur skeleton kicks you but does no damage.
You hit the centaur skeleton. You tail-slap the centaur skeleton.
The centaur skeleton is lightly damaged.
The centaur skeleton hits you but does no damage.
The centaur skeleton completely misses you.
You hit the centaur skeleton but do no damage.
You claw the centaur skeleton. You headbutt the centaur skeleton.
You tail-slap the centaur skeleton. You punch the centaur skeleton.
The centaur skeleton is heavily damaged.
The centaur skeleton hits you.
The centaur skeleton kicks you but does no damage.
You hit the centaur skeleton. You headbutt the centaur skeleton!
You tail-slap the centaur skeleton.
The centaur skeleton is almost destroyed.
The centaur skeleton hits you but does no damage.
The centaur skeleton kicks you but does no damage.
You hit the centaur skeleton.
You destroy the centaur skeleton!
Okawaru accepts your kill.
Found a silvery potion.
z - 2 silvery potions (gained 1)
You are engulfed in blazing flames.
You are engulfed in blazing flames.
You are engulfed in blazing flames.
* * * LOW HITPOINT WARNING * * *
You are engulfed in blazing flames.
You die...

#.####.########### #
#................## #
#####.#########...# #
#..# #...# #### #..#
#...# ...####..# #...#
.....##..# #...#
......#..# #####...##
.#.#..#..#
#ยงยงยง@...8#
....#.#..# #####...##
.##.#...## #...#
....#....# #...#
###.#....# #...#
###.#.#..# #...#
.........########...#
....###............##
...)#......############


There were no monsters in sight!

Vanquished Creatures
  A water moccasin (D:5)
  2 necrophages
  A centaur (D:5)
  A wyvern zombie (D:4)
  A gnoll sergeant (D:5)
  3 scorpions
  A water moccasin skeleton (D:6)
  3 bullfrog zombies
  2 jellies
  A centaur zombie (D:6)
  2 orc priests (D:5)
  3 centaur skeletons
  A hound (D:4)
  3 iguanas
  An orc wizard (D:5)
  A hound zombie (D:5)
  12 gnolls
  6 adders
  An ufetubus (D:6)
  2 worms
  18 orcs
  6 endoplasms
  2 giant cockroaches
  4 goblins
  4 hobgoblins
  4 jackals (D:2)
  2 quokkas
  8 ball pythons
  7 bats
  6 kobolds
  2 rats
111 creatures vanquished.

Vanquished Creatures (others)
  13 plants (D:4)
13 creatures vanquished.

Grand Total: 124 creatures vanquished

Notes
Turn   | Place    | Note
-------+----------+-------------------------------------------
     0 | D:1      | fragbeetle the Draconian Transmuter began the quest for the
                  | Orb.
     0 | D:1      | Reached XP level 1. HP: 16/16 MP: 3/3
   256 | D:1      | Reached XP level 2. HP: 23/23 MP: 5/5
   473 | D:1      | Found a faded altar of an unknown god.
   982 | D:2      | Reached XP level 3. HP: 3/28 MP: 6/6
  1262 | D:2      | HP: 1/28 [gnoll (8)]
  1743 | D:2      | Reached XP level 4. HP: 25/36 MP: 4/7
  1944 | D:2      | Learned a level 3 spell: Spider Form
  1954 | D:2      | Noticed Sigmund
  2233 | D:3      | Reached skill level 4 in Unarmed Combat
  2280 | D:3      | Upgraded the game from 0.28-a0-1404-g4df0f3684d to
                  | 0.28-a0-1412-gf95308ed99
  2283 | D:3      | Reached XP level 5. HP: 41/41 MP: 8/8
  2348 | D:3      | Learned a level 4 spell: Ice Form
  2506 | D:4      | Identified the +1 ring mail of Beyond {Harm}
  2590 | D:4      | Reached skill level 1 in Poison Magic
  2627 | D:4      | Noticed a necrophage
  3008 | D:4      | Found a staircase to the Ecumenical Temple.
  3014 | Temple   | Entered the Ecumenical Temple
  3260 | Temple   | Became a worshipper of Warmaster Okawaru
  3330 | D:4      | Reached XP level 6. HP: 44/50 MP: 6/9
  3346 | D:4      | Reached skill level 1 in Ice Magic
  3690 | D:5      | Entered Level 5 of the Dungeon
  3826 | D:5      | Your scales start taking on an icy white colour.
  3826 | D:5      | Reached XP level 7. HP: 57/57 MP: 6/10
  3826 | D:5      | Gained mutation: Your flesh is cold resistant. (rC+) [White
                  | Draconian growth]
  3835 | D:5      | Reached * piety under Okawaru
  3836 | D:5      | Reached skill level 5 in Unarmed Combat
  4237 | D:5      | Gained mutation: You are weak. (Str -2) [mutagenic glow]
  4289 | D:5      | Reached skill level 5 in Transmutations
  4361 | D:5      | You fall into a shaft and drop 1 floor!
  4401 | D:6      | Reached XP level 8. HP: 61/66 MP: 9/11
  4681 | D:5      | Reached skill level 6 in Unarmed Combat
  5239 | D:6      | Learned a level 2 spell: Wereblood
  5445 | D:6      | Reached ** piety under Okawaru
  5571 | D:6      | Engulfed by a cloud of flame

Illustrated notes

Levels and vault maps discovered:
D:1:      saegor_arrival_simple_b, layout_basic,
          shapermc_ecumenical_altar_mp_ritualfount, minmay_pentomino_q4
D:2:      layout_basic, uniq_sigmund
D:3:      layout_rooms, minmay_misc_feat_doors
D:4:      layout_rooms, minmay_temple_entry_statues, minmay_misc_feat_columns,
          serial_bayou_lagoon_b
D:5:      layout_basic, minmay_misc_feat_nine_boxes, minmay_diced_spiral
D:6:      hellmonk_warped_wall, layout_basic, corexii_hall_statues_l,
          lemuel_flamethrower_1
Temple:   mainiacjoe_temple_starburst

Skill      XL: |  1  2  3  4  5  6  7  8 |
---------------+-------------------------+-----
Dodging        | 2 3 |  3.8
Transmutations | 3 4 5 |  5.6
Fighting       | 2 3 4 |  4.1
Unarmed Combat | 4 5 6 |  6.2
Poison Magic   | 1 2 3 |  3.1
Ice Magic      | 1 2 3 |  3.5
Spellcasting   | |  2.1

Action                   |  1- 3 |  4- 6 |  7- 9 || total
-------------------------+-------+-------+-------++-------
Melee: Unarmed           |    72 |   139 |   135 ||   346
       Kick              |    19 |    32 |    22 ||    73
       Headbutt          |     6 |    18 |    13 ||    37
       Tailslap          |     6 |    17 |    18 ||    41
       Punch             |     2 |     5 |     4 ||    11
Throw: Dart              |       |       |     2 ||     2
 Cast: Beastly Appendage |    20 |    29 |    15 ||    64
       Spider Form       |       |     1 |    10 ||    11
  Use: Scroll            |       |     3 |     1 ||     4
Armor: Skin              |    15 |    43 |    32 ||    90
Dodge: Dodged            |    44 |    76 |    94 ||   214
Block: Other             |    15 |    27 |    21 ||    63
       Reflection        |       |     1 |       ||     1

Table legend: (Time is in decaauts)
 A = Elapsed time spent in this place.
 B = Non-inter-level travel time spent in this place.
 C = Inter-level travel time spent in this place.
 D = Time resting spent in this place.
 E = Time spent auto-exploring this place.
 F = Levels seen in this place.
 G = Mean time per level.
                   A        B        C        D        E       F      G
               +--------+--------+--------+--------+--------+-----+--------+
         Total |   5567 |   5476 |     91 |    904 |   2098 |   7 |  795.3 |
       Dungeon |   5257 |   5166 |     91 |    904 |   1870 |   6 |  876.2 |
        Temple |    310 |    310 |      0 |      0 |    228 |   1 |  310.0 |
               +--------+--------+--------+--------+--------+-----+--------+

Top non-repeatable levels by time:
     D:1: 1512 daAuts
     D:5: 1297 daAuts
     D:4: 855 daAuts
     D:3: 588 daAuts
     D:2: 555 daAuts
     D:6: 446 daAuts
  Temple: 310 daAuts
